AoeStats
← Alexspiration

Arena

508697543Analyzed
4v4 RM · 10d ago on Sep 23, 2026· 50m 17s· 8 players
Game mode
Random Map
Map size
Large (8 player)
Population
200
Speed
Normal
Resources
Standard
Victory
Conquest
Starting age
Dark Age
Ending age
Imperial Age
RankedLock teamsTeams togetherTeam positionsShared explorationLock speedFull tech treeHidden civsTurbo modeCheats
Victory
Defeat
🇭🇺 Saxons · Hungary
1517
+13
🇪🇸 Danes · Spain
1413
+18
🇹🇷 Turks · Türkiye
1400
+18
🇹🇷 Bulgarians · Türkiye
1368
+19
🇧🇪 Persians · Belgium
1481
-18
🇩🇪 Slavs · Germany
1480
-18
🇨🇳 Italians · China
1469
-18
🇨🇳 Chinese · China
1370
-14
Malice
10:53 Feudal Age
14:19 Castle Age
12:06 Horse Collar
12:28 Double-Bit Axe
18:09 Loom
22:17 Bow Saw
23:52 Scale Barding Armor
24:13 Bloodlines
25:00 Chain Barding Armor
25:43 Gold Mining
26:30 Forging
31:06 Imperial Age
30:43 Wheelbarrow
30:09 Heavy Plow
31:28 Iron Casting
31:34 Hand Cart
31:33 Capped Ram
33:11 Plate Barding Armor
33:37 Blast Furnace
32:01 Cavalier
34:16 Two-Man Saw
34:41 Gold Shaft Mining
34:27 Conscription
34:00 Savar
34:42 Husbandry
37:51 Chemistry
37:11 Siege Ram
38:35 Padded Archer Armor
39:42 Crop Rotation
39:24 Masonry
41:57 Leather Archer Armor
43:04 Architecture
42:47 Citadels
43:13 Hoardings
42:18 Light Cavalry
43:57 Caravan
45:07 Fletching
46:39 Ring Archer Armor
47:08 Bodkin Arrow
48:00 Hussar
49:29 Pikeman
50:10 Scale Mail Armor
Ren
10:25 Feudal Age
10:44 Feudal Age
14:22 Castle Age
12:09 Loom
12:35 Double-Bit Axe
12:33 Horse Collar
15:41 Bow Saw
23:59 Imperial Age
21:27 Fletching
22:22 Bodkin Arrow
22:43 Gold Mining
24:46 Ballistics
26:03 Chemistry
25:25 Ballistics
25:41 Town Watch
26:34 Conscription
28:35 Padded Archer Armor
29:36 Forging
31:00 Leather Archer Armor
30:48 Bracer
31:49 Leather Archer Armor
33:19 Murder Holes
33:14 Elite Skirmisher
35:19 Thumb Ring
39:21 Fortified Wall
45:08 Ring Archer Armor
46:45 Wheelbarrow
Alexspiration
10:06 Feudal Age
14:29 Castle Age
13:01 Horse Collar
13:12 Double-Bit Axe
13:16 Horse Collar
16:57 Wheelbarrow
17:26 Loom
22:42 Town Watch
31:56 Hand Cart
37:21 Imperial Age
35:15 Heavy Plow
35:27 Gold Mining
35:27 Stone Mining
35:58 Hand Cart
36:27 Scale Mail Armor
36:37 Forging
37:43 Chain Mail Armor
37:09 Man-at-Arms
37:50 Squires
38:11 Bow Saw
39:05 Iron Casting
37:55 Long Swordsman
39:34 Plate Mail Armor
38:37 Two-Handed Swordsman
39:31 Champion
40:48 Capped Ram
43:12 Blast Furnace
42:11 Siege Ram
43:32 Conscription
44:45 Druzhina
萱你在吗
0:28 Loom
10:51 Feudal Age
14:34 Castle Age
13:11 Double-Bit Axe
13:09 Horse Collar
15:30 Bow Saw
16:05 Loom
17:04 Town Watch
20:29 Heavy Plow
21:44 Gold Mining
25:00 Wheelbarrow
24:45 Stone Mining
25:31 Gold Shaft Mining
26:54 Hand Cart
29:27 Imperial Age
27:10 Fletching
27:20 Padded Archer Armor
28:24 Stone Shaft Mining
28:11 Bodkin Arrow
28:49 Ballistics
29:22 Leather Archer Armor
29:17 Thumb Ring
30:11 Bracer
30:42 Ring Archer Armor
30:31 Scale Barding Armor
30:36 Forging
31:32 Chemistry
31:05 Conscription
31:10 Masonry
30:51 Light Cavalry
31:42 Bloodlines
31:32 Husbandry
32:49 Elite Chu Ko Nu
34:46 Two-Man Saw
38:09 Crossbowman
39:21 Arbalester
46:51 Elite Skirmisher
ZeZe
10:03 Feudal Age
15:24 Castle Age
13:45 Double-Bit Axe
14:24 Horse Collar
16:45 Bow Saw
17:41 Loom
27:24 Imperial Age
25:10 Fletching
26:11 Bodkin Arrow
26:37 Bloodlines
27:08 Sipahi
27:15 Padded Archer Armor
28:07 Bracer
29:40 Leather Archer Armor
31:07 Ballistics
32:23 Parthian Tactics
38:55 Ring Archer Armor
38:42 Thumb Ring
42:07 Wheelbarrow
41:28 Heavy Cavalry Archer
42:59 Conscription
44:03 Husbandry
44:10 Scale Barding Armor
46:30 Chain Barding Armor
47:22 Plate Barding Armor
49:10 Forging
50:37 Iron Casting
Don Roscon
10:04 Feudal Age
14:35 Castle Age
12:27 Double-Bit Axe
12:25 Horse Collar
15:44 Bow Saw
16:05 Heavy Plow
21:07 Wheelbarrow
21:34 Loom
25:11 Gold Mining
25:24 Town Watch
28:18 Imperial Age
26:23 Scale Mail Armor
26:34 Forging
27:41 Squires
28:00 Chain Mail Armor
28:20 Iron Casting
27:36 Gambesons
29:32 Gold Shaft Mining
28:28 Elite Varangian Guard
28:54 Onager
29:03 Capped Ram
30:23 Plate Mail Armor
30:17 Pikeman
32:41 Blast Furnace
31:53 Hamask
32:54 Conscription
32:50 Siege Ram
36:09 Arson
38:15 Halberdier
45:38 Masonry
50:56 Hand Cart
DraveczB
11:16 Feudal Age
14:54 Castle Age
12:44 Horse Collar
13:28 Double-Bit Axe
22:08 Wheelbarrow
21:54 Heavy Plow
22:48 Bow Saw
23:18 Stone Mining
23:39 Gold Mining
24:33 Hand Cart
24:57 Loom
24:57 Town Watch
29:19 Imperial Age
26:58 Scale Mail Armor
27:12 Forging
26:51 Gambesons
27:10 Squires
26:58 Arson
28:47 Iron Casting
28:27 Chain Mail Armor
28:49 Gambesons
29:17 Town Patrol
30:30 Conscription
29:30 Shield Wall
29:56 Elite Hearth Troop
31:11 Plate Mail Armor
34:23 Pikeman
35:04 Halberdier
36:51 Capped Ram
40:29 Siege Ram
43:24 Fortified Wall
43:26 Careening
43:14 Murder Holes
44:59 Scale Barding Armor
44:52 Man-at-Arms
45:24 Long Swordsman
45:59 Two-Handed Swordsman
46:34 Champion
monster
11:49 Feudal Age
10:04 Loom
15:22 Castle Age
14:57 Stone Mining
20:07 Fletching
20:23 Scale Barding Armor
22:26 Bodkin Arrow
24:26 Forging
24:16 Scale Mail Armor
29:14 Iron Casting
33:18 Chain Mail Armor
35:49 Pikeman
36:44 Squires
37:01 Gambesons
37:02 Arson
37:48 Horse Collar
39:03 Double-Bit Axe
43:04 Chain Barding Armor
45:28 Bloodlines
45:19 Husbandry
46:27 Stirrups
50:33 Imperial Age
48:43 Wheelbarrow
Connection lost

Rejoining the realm…

Still unreachable

The connection could not be restored.

Session expired

The server has moved on; the page needs a fresh start.